 Dungeon Crawl Stone Soup version 0.18.1-5-g4a78601 (webtiles) character file.

72 Scarto the Skirmisher (level 4, -2/40 HPs)
             Began as a Hill Orc Fighter on May 10, 2016.
             Slain by a gnoll
             ... wielding a +0 spear
              (3 damage)
             ... on level 2 of the Dungeon.
             The game lasted 00:01:37 (705 turns).

Scarto the Skirmisher (Hill Orc Fighter)             Turns: 705, Time: 00:01:39

Health: -2/40      AC:  7    Str: 19    XL:     4   Next: 25%
Magic:  4/4        EV:  7    Int:  8    God:
Gold:   104        SH:  9    Dex: 10    Spells: 0 memorised, 3 levels left

rFire  . . .     SeeInvis .     a - +0 war axe
rCold  . . .     Gourm    .     b - +0 scale mail
rNeg   . . .     Faith    .     c - +0 shield
rPois  +         Spirit   .     (no helmet)
rElec  .         Dismiss  .     (no cloak)
rCorr  .         Reflect  .     (no gloves)
SustAt .         Harm     .     (no boots)
MR     .....                    (no amulet)
Stlth  ..........               j - ring of flight
                                e - ring of poison resistance

@: not resistant to hostile enchantments, extremely unstealthy
A: no striking features
a: Evoke Flight


You were on level 2 of the Dungeon.
You were not hungry.

You visited 1 branch of the dungeon, and saw 2 of its levels.

You collected 104 gold pieces.

Inventory:

Hand Weapons
 a - a +0 war axe (weapon)
Missiles
 h - 6 javelins (quivered)
Armour
 b - a +0 scale mail (worn)
 c - a +0 shield (worn)
Jewellery
 e - a ring of poison resistance (left hand)
 j - a ring of flight (right hand)
Scrolls
 i - a scroll of immolation {unknown}
 m - 2 scrolls of identify {unknown}
 n - a scroll of magic mapping {unknown}
 r - a scroll of remove curse {unknown}
 s - a scroll of noise {unknown}
 v - a scroll of teleportation {unknown}
Potions
 d - a potion of might
 k - a potion of haste {unknown}
 l - 2 potions of degeneration {unknown}
 o - a potion of agility {unknown}
 q - a potion of heal wounds {unknown}
 u - a potion of resistance {unknown}
Comestibles
 f - a bread ration
 g - a royal jelly
 p - a fruit
 t - a meat ration


   Skills:
 + Level 4.2 Fighting
 + Level 3.2 Axes
 + Level 4.0 Armour
 + Level 4.2 Shields


You had 3 spell levels left.
You didn't know any spells.

Dungeon Overview and Level Annotations

Branches:
Dungeon (2/15)

Altars:


Message History

The gnoll is moderately wounded.
The gnoll barely misses you.
You barely miss the gnoll.
The gnoll is moderately wounded.
The gnoll hits you with a spear.
* * * LOW HITPOINT WARNING * * *
You slash the gnoll!
The gnoll is almost dead.
The gnoll hits you with a spear.
* * * LOW HITPOINT WARNING * * *
The gnoll hits you but does no damage.
Your shield and scale mail prevent you from hitting the gnoll.
The gnoll is almost dead.
The gnoll hits you but does no damage.
You barely miss the gnoll.
The gnoll is almost dead.
The gnoll hits you with a spear.
* * * LOW HITPOINT WARNING * * *
The gnoll hits you with a spear.
You die...

#..............).†#.####
#....
....................#
.......
#..........#.#..##..#
#.#.####
#.....#..#..<#......#. #
#. #
#..........#.####... #.
. #...#....#.....).#..#
.. #
#.......†......#.#?.#
......>.#..##.#.#
###...........@#.#
#....##....#g#
#.#........#S#
......###...#gg ##....
......S. ### #.#......#
#... #..# ...#


You could see 2 gnolls, 2 adders and a goblin.

Vanquished Creatures
  A gnoll (D:2)
  An adder (D:2)
  2 oozes
  A worm (D:2)
  5 bats
  3 giant cockroaches (D:1)
  5 hobgoblins
  6 jackals (D:1)
  A ball python (D:1)
  A giant newt (D:2)
  5 goblins
  3 kobolds (D:1)
  4 rats
38 creatures vanquished.

Notes
Turn   | Place    | Note
--------------------------------------------------------------
     0 | D:1      | Scarto the Hill Orc Fighter began the quest for the Orb.
     0 | D:1      | Reached XP level 1. HP: 19/19 MP: 1/1
    91 | D:1      | Reached XP level 2. HP: 22/27 MP: 2/2
   326 | D:1      | Reached XP level 3. HP: 32/33 MP: 3/3
   661 | D:2      | Reached XP level 4. HP: 32/40 MP: 4/4
   705 | D:2      | HP: 1/40 [gnoll/spear (2)]
   705 | D:2      | Slain by a gnoll

Skill      XL: |  1  2  3  4 |
---------------+-------------+-----
Fighting       | 4 |  4.2
Axes           | 3 |  3.2
Shields        | 4 |  4.2
Armour         | 4 |  4.0

Action                   |  1- 3 |  4- 6 || total
-------------------------+-------+-------++-------
Melee: War axe           |    84 |    22 ||   106
Armor: Scale mail        |    42 |    10 ||    52
Dodge: Dodged            |    33 |     6 ||    39
Block: Shield            |    45 |    13 ||    58
